 Dungeon Crawl Stone Soup version 0.27-a0-1066-g29160eaed2 (webtiles) character file.

Game seed: 7350806786024292503

1051 LordDeathwing the Chopper (level 8, -11/65 (69) HPs)
             Began as a Hill Orc Fighter on Apr 24, 2021.
             Was a Believer of Okawaru.
             Mangled by a two-headed ogre
             ... wielding a +0 giant club
              (24 damage)
             ... on level 5 of the Dungeon.
             The game lasted 00:17:46 (7278 turns).

LordDeathwing the Chopper (Hill Orc Fighter)        Turns: 7278, Time: 00:17:46

HP:   -11/65 (69)   AC: 10    Str: 21    XL:     8   Next: 26%
MP:   8/8           EV: 11    Int:  8    God:    Okawaru [**....]
Gold: 166           SH: 10    Dex: 10    Spells: 7/7 levels left

rFire    . . .     SeeInvis .   s - +5 flail (holy)
rCold    . . .     Faith    .   c - +0 kite shield
rNeg     . . .     Spirit   .   b - +0 scale mail
rPois    +         Reflect  .   (no helmet)
rElec    .         Harm     .   (no cloak)
rCorr    .         Rampage  .   f - +2 pair of gloves
Will     .....                  (no boots)
Stlth    +.........             (no amulet)
HPRegen  0.20/turn              t - ring of poison resistance
MPRegen  0.11/turn              v - +4 ring of evasion

@: drained
A: no striking features
a: Renounce Religion, Heroism


You were on level 5 of the Dungeon.
You worshipped Okawaru.
Okawaru was pleased with you.
You visited 2 branches of the dungeon, and saw 7 of its levels.

You collected 166 gold pieces.

Inventory:

Hand Weapons
 a - a +0 war axe
 s - a +5 flail of holy wrath (weapon)
Armour
 b - a +0 scale mail (worn)
 c - a +0 kite shield (worn)
 f - a +2 pair of gloves (worn)
Jewellery
 t - a ring of poison resistance (left hand)
 v - a +4 ring of evasion (right hand)
Wands
 o - a wand of flame (6)
Scrolls
 j - 6 scrolls of teleportation
 p - a scroll of silence {unknown}
 u - a scroll of immolation {unknown}
Potions
 d - a potion of might
 e - a potion of mutation
 g - 5 potions of curing
 h - a potion of flight {unknown}
 i - a potion of magic {unknown}
 k - a potion of cancellation {unknown}
 l - a potion of lignification {unknown}
 m - a potion of haste {unknown}
 n - a potion of berserk rage {unknown}
 q - a potion of degeneration {unknown}
 r - a potion of brilliance {unknown}


   Skills:
 + Level 5.4 Fighting
 + Level 6.6(6.9) Axes
 * Level 2.0(4.0) Maces & Flails
 * Level 6.3 Armour
 + Level 2.9 Stealth
 + Level 5.2 Shields


You had 7 spell levels left.
You didn't know any spells.
Your spell library was empty.

Dungeon Overview and Level Annotations

Branches:
Dungeon (6/15)             Temple (1/1) D:4

Altars:
Ashenzari
Dithmenos
Elyvilon
Gozag
Kikubaaqudgha
Makhleb
Okawaru
Qazlal
Sif Muna
Uskayaw
Wu Jian
Xom
The Shining One

Annotations:
D:4 3 runed translucent doors, Sickboy's ghost, amateur HOFi
D:5 1 runed translucent door, Crazy Yiuf


Message History

Found 6 stones.
The wight hits you with a +0 flail!
You feel drained.
The wight hits you with a +0 long sword!
* * * LOW HITPOINT WARNING * * *
You feel drained.
* * * LOW HITPOINT WARNING * * *
Found 15 stones.
You see here 15 stones.
A gnoll comes into view. It is wielding a +0 flail.
You see here 3 gold pieces.
There is a stone staircase leading up, spattered with blood here.
The two-headed ogre barely misses you. The two-headed ogre misses you.
You climb upwards.
Level annotation: 1 runed translucent door, Crazy Yiuf
There is a stone staircase leading down here.
You block the two-headed ogre's attack. The two-headed ogre barely misses you.
There is a stone staircase leading up here.
You climb upwards.
Level annotation: 3 runed translucent doors, Sickboy's ghost, amateur HOFi
There is a stone staircase leading down here.
You start resting.
HP restored.
Okay, then.
Okay, then.
There is a stone staircase leading down here.
You climb downwards.
Level annotation: 1 runed translucent door, Crazy Yiuf
There is a stone staircase leading up, spattered with blood here.
The two-headed ogre shouts in stereo!
There is a stone staircase leading up here.
You barely miss the two-headed ogre.
The two-headed ogre hits you with a +0 giant club!!
The two-headed ogre hits you with a +0 giant club!
You see here a +0 giant club.
There is a stone staircase leading up, spattered with blood here.
You see here a +0 giant club.
The two-headed ogre hits you with a +0 giant club!!
* * * LOW HITPOINT WARNING * * *
The two-headed ogre hits you with a +0 giant club!!
You die...

#.##.###.#####.###.......
#.##.# #.....#.# #..#####
#.##.###.###.#.###..#####
#.##...)<# #...<.......##
#.####.### ########...!..
##.## #.# #.##.##
#...###.## #......
##..##..O###########.##.##
##......@...............#
####...#####.##.##.###.#
###.#.#.####.##.##.# #.#
#.........##.##.##.###.#
#.#.#<#.#.##.##.##......
#.##...##.##.##.###.##.#
#.###............##.##.#
#.# ##...........#...#.#
#.# #.#######≈≈.......#


You could see a two-headed ogre.

Vanquished Creatures
  Edmund (D:5)
  A water moccasin (D:5)
  A sky beast (D:5)
  2 ogres (D:5)
  A phantom (D:5)
  A scorpion (D:5)
  A water moccasin skeleton (D:5)
  A howler monkey (D:4)
  An orc priest (D:3)
  A bullfrog skeleton (D:5)
  A centaur skeleton (D:5)
  A hound (D:4)
  Ijyb (D:3)
  2 iguanas
  7 adders
  2 shadow imps (D:5)
  A worm (D:2)
  4 dart slugs
  4 orcs (D:3)
  8 ball pythons
  2 bats
  An endoplasm (D:2)
  3 giant cockroaches
  6 goblins
  6 hobgoblins
  10 jackals
  3 quokkas
  4 frilled lizards
  10 kobolds
  7 rats
94 creatures vanquished.

Vanquished Creatures (others)
  2 fungi (D:1)
  35 plants
  7 withered plants (D:1)
44 creatures vanquished.

Grand Total: 138 creatures vanquished

Notes
Turn   | Place    | Note
-------+----------+-------------------------------------------
     0 | D:1      | LordDeathwing the Hill Orc Fighter began the quest for the
                  | Orb.
     0 | D:1      | Reached XP level 1. HP: 19/19 MP: 1/1
   106 | D:1      | Reached XP level 2. HP: 27/27 MP: 2/2
   544 | D:1      | Found a faded altar of an unknown god.
   837 | D:1      | Reached XP level 3. HP: 26/33 MP: 3/3
  1695 | D:2      | Reached XP level 4. HP: 34/40 MP: 4/4
  1983 | D:2      | You fall into a shaft and drop 2 floors!
  1983 | D:4      | Found a staircase to the Ecumenical Temple.
  1986 | Temple   | Entered the Ecumenical Temple
  2167 | Temple   | Became a worshipper of Warmaster Okawaru
  2238 | D:4      | Found an opulent altar of Gozag.
  2337 | D:3      | Noticed Ijyb
  2375 | D:3      | Killed Ijyb
  2376 | D:3      | Reached skill level 1 in Stealth
  3038 | D:3      | Reached XP level 5. HP: 19/46 MP: 5/5
  4223 | D:4      | Reached * piety under Okawaru
  4224 | D:4      | Reached XP level 6. HP: 41/53 MP: 6/6
  4329 | D:4      | Found a runed translucent gate.
  4329 | D:4      | Found a runed translucent gate.
  4330 | D:4      | Found a runed translucent gate.
  4527 | D:4      | Identified the +4 long sword of Ash {freeze, *Slow +Blink
                  | SInv}
  4914 | D:4      | Reached skill level 5 in Axes
  5378 | D:4      | Noticed Sickboy's ghost (amateur HOFi)
  5518 | D:5      | Entered Level 5 of the Dungeon
  5525 | D:5      | Noticed a sky beast
  5528 | D:5      | Reached skill level 5 in Armour
  5533 | D:5      | Killed a sky beast
  5534 | D:5      | Reached XP level 7. HP: 35/60 MP: 7/7
  5897 | D:5      | Noticed Edmund
  5907 | D:5      | Killed Edmund
  5908 | D:5      | Reached skill level 5 in Fighting
  6301 | D:5      | Reached ** piety under Okawaru
  6302 | D:5      | Reached skill level 1 in Maces & Flails
  6302 | D:5      | Reached skill level 5 in Shields
  6302 | D:5      | Reached XP level 8. HP: 59/68 MP: 8/8
  6671 | D:5      | Found a burning altar of Makhleb.
  6860 | D:5      | Found a runed translucent door.
  6861 | D:5      | Noticed Crazy Yiuf
  6924 | D:6      | Noticed a two-headed ogre
  7278 | D:5      | Mangled by a two-headed ogre

Illustrated notes

Levels and vault maps discovered:
D:1:      tarquinn_simple_flora_water_d, layout_basic,
          shapermc_ecumenical_altar_flowoftime, serial_aquarium,
          aquarium_bridge_long_joined [aquarium_subvault_bridge,
          aquarium_subvault_bridge, aquarium_subvault_wall,
          aquarium_subvault_window, aquarium_subvault_bridge,
          aquarium_subvault_window], aquarium_window_1, aquarium_window_1,
          aquarium_window_3, aquarium_window_2, aquarium_view_2b,
          aquarium_pool_double
D:2:      layout_loops_corners, serial_forest, infiniplex_forest_end_3,
          infiniplex_forest_end_1, infiniplex_forest_straight_4,
          infiniplex_forest_lined_3_way, infiniplex_forest_end_3,
          infiniplex_forest_clump_medium, infiniplex_forest_end_double
D:3:      layout_basic, serial_bayou, serial_bayou_shore_a, serial_bayou_ford_a,
          serial_bayou_lagoon_a, serial_bayou_lagoon_b, uniq_ijyb
D:4:      layout_layer_cave, lemuel_tele_altar,
          minmay_temple_entry_statues_fountains, gammafunk_ghost_icy
D:5:      layout_loops_ring, lightli_temple_of_fire, uniq_edmund,
          uniq_crazy_yiuf_cottage
D:6:      layout_loops_ring, slow_altar_1, fedhas_altar_4, grunt_ministairs_8
Temple:   minmay_temple_curvy_loop

Skill      XL: |  1  2  3  4  5  6  7  8 |
---------------+-------------------------+-----
Axes           | 3 4 5 6 |  6.6
Fighting       | 4 5 |  5.4
Armour         | 4 5 6 |  6.3
Stealth        | 1 2 |  2.9
Shields        | 4 5 |  5.2
Maces & Flails | 1 2 |  2.0

Action                   |  1- 3 |  4- 6 |  7- 9 || total
-------------------------+-------+-------+-------++-------
Melee: War axe           |   131 |   155 |    40 ||   326
       Flail             |       |       |    30 ||    30
Invok: Heroism           |       |       |     1 ||     1
  Use: Scroll            |       |     4 |       ||     4
Armor: Scale mail        |    63 |    74 |    26 ||   163
Dodge: Dodged            |    28 |    50 |    30 ||   108
Block: Kite shield       |    72 |    74 |    52 ||   198

Table legend: (Time is in decaauts)
 A = Elapsed time spent in this place.
 B = Non-inter-level travel time spent in this place.
 C = Inter-level travel time spent in this place.
 D = Time resting spent in this place.
 E = Time spent auto-exploring this place.
 F = Levels seen in this place.
 G = Mean time per level.
                   A        B        C        D        E       F      G
               +--------+--------+--------+--------+--------+-----+--------+
         Total |   7529 |   7269 |    260 |    830 |   5218 |   7 | 1075.6 |
       Dungeon |   7330 |   7070 |    260 |    830 |   5054 |   6 | 1221.7 |
        Temple |    198 |    198 |      0 |      0 |    164 |   1 |  198.0 |
               +--------+--------+--------+--------+--------+-----+--------+

Top non-repeatable levels by time:
     D:4: 1747 daAuts
     D:3: 1675 daAuts
     D:5: 1520 daAuts
     D:2: 1333 daAuts
     D:1: 1013 daAuts
  Temple: 198 daAuts
     D:6: 40 daAuts
